 Dungeon Crawl Stone Soup version 0.21.1-1-g345015fe64 (webtiles) character file.

35 OlSheep the Vexing (level 3, -28/31 HPs)
             Began as a Kobold Arcane Marksman on June 22, 2018.
             Killed from afar by a leopard gecko (41 damage)
             ... with an exploding inner flame
             ... hexed by the player character
             ... on level 2 of the Dungeon.
             The game lasted 00:07:05 (687 turns).

OlSheep the Vexing (Kobold Arcane Marksman)          Turns: 687, Time: 00:07:05

Health: -28/31     AC: 21    Str:  7    XL:     3   Next: 52%
Magic:  5/5        EV:  3    Int: 14    God:
Gold:   36         SH:  0    Dex: 16    Spells: 3/4 levels left

rFire    . . .     SeeInvis .   r - +0 short sword
rCold    . . .     Gourm    .   (shield restricted)
rNeg     + + +     Faith    .   (armour currently unavailable)
rPois    +         Spirit   .   (helmet currently unavailable)
rElec    .         Reflect  .   (cloak currently unavailable)
rCorr    .         Harm     .   (gloves currently unavailable)
MR       .....     NoTele   +   (boots currently unavailable)
Stlth    ++........             l - amulet of magic regeneration
HPRegen  0.10/turn              (no ring)
MPRegen  0.34/turn              (no ring)

@: tree-form
A: small, carnivore
a: no special abilities


You were on level 2 of the Dungeon.
You were full.
You were a tree.
You visited 1 branch of the dungeon, and saw 2 of its levels.

You collected 36 gold pieces.

Inventory:

Hand Weapons
 a - a +0 hand crossbow
 r - a +0 short sword (weapon)
Missiles
 d - 30 bolts
Armour
 e - a +0 robe (melded)
Jewellery
 l - an amulet of magic regeneration (around neck)
 o - an uncursed amulet of faith
Scrolls
 b - a scroll of identify
Potions
 k - a potion of cancellation
 n - a potion of heal wounds {unknown}
 p - a potion of brilliance {unknown}
Books
 c - a book of Debilitation

   Spells                             Type                      Level
   a - Corona                         Hexes                        1
   b - Slow                           Hexes                        2
   c - Inner Flame                    Hexes/Fire                   3
   d - Portal Projectile              Hexes/Translocation          3
   e - Cause Fear                     Hexes                        4
   f - Leda's Liquefaction            Hexes/Earth                  4
Comestibles
 f - 3 rations


   Skills:
 * Level 1.9 Fighting
 + Level 3.0 Crossbows
 + Level 2.5 Dodging
 * Level 1.0 Stealth
 + Level 1.4 Spellcasting
 + Level 3.4 Hexes


You had 3 spell levels left.
You knew the following spells:

 Your Spells              Type           Power        Failure   Level  Hunger
a - Corona                Hex            ##.....      6%          1    ##.....


Dungeon Overview and Level Annotations

Branches:
Dungeon (2/15)

Altars:


Innate Abilities, Weirdness & Mutations

You are small and have problems with some larger weapons.
You are carnivorous and can eat meat at any time.


Message History

The leopard gecko barely misses you.
It was a potion of lignification.
You turn into a tree.
Your +0 robe melds into your body.
Your roots penetrate the ground.
The leopard gecko bites you but does no damage.
It was a potion of curing.
You feel better. The leopard gecko bites you.
As you read the scroll labeled YLIGAKL JYAWY, it crumbles to dust.
The creatures around you are filled with an inner flame!
It was a scroll of immolation.
The leopard gecko bites you but does no damage. x2
As you read the scroll labeled NALEUT LIEFF, it crumbles to dust.
You feel blessed for a moment.
It was a scroll of remove curse.
The leopard gecko bites you but does no damage.
You hit the leopard gecko.
The leopard gecko is almost dead.
The leopard gecko barely misses you.
You hit the leopard gecko.
The leopard gecko explodes!
The fiery explosion engulfs you!
Ouch! That really hurt!
You die...

..#..........# ...
#.#.####..####
#.##?
#...#........ ..
..
###.##.#.#########
.. .#.
.................#
# .#.
.........#######.#
# #.
#####....######..#
.................#
.####.##.######§♣#
# #.##.# #§§# . #
#.##.# #.§# #. #
#.##.# #..# #
##.#.## #.##.#
#..# #.#....##
#.##.# #..#
#.#....## #.##.#
#..# #........
#.##.# #..#
###.#...... ...
.... #.......###


There were no monsters in sight!

Vanquished Creatures
  A worm (D:2)
  A dart slug (D:2)
  A leopard gecko (D:1)
  4 goblins
  2 hobgoblins (D:1)
  7 jackals
  3 bats
  4 frilled lizards (D:1)
  A kobold (D:2)
  3 rats (D:1)
27 creatures vanquished.

Notes
Turn   | Place    | Note
-------+----------+-------------------------------------------
     0 | D:1      | OlSheep the Kobold Arcane Marksman began the quest for the Orb.
     0 | D:1      | Reached XP level 1. HP: 12/12 MP: 2/2
   126 | D:1      | Reached XP level 2. HP: 16/16 MP: 0/3
   334 | D:1      | Reached XP level 3. HP: 21/21 MP: 1/4
   583 | D:2      | Reached skill level 1 in Stealth
   687 | D:2      | Killed from afar by a leopard gecko

Skill      XL: |  1  2  3 |
---------------+----------+-----
Stealth        | 1 |  1.0
Crossbows      | 3 |  3.0
Fighting       | |  1.9
Dodging        | |  2.5
Spellcasting   | |  1.4
Hexes          | |  3.4

Action                   || total
-------------------------++-------
Melee: Short sword       ||     8
       Dagger            ||     7
 Fire: Hand crossbow     ||    43
 Cast: Corona            ||    23
  Use: Scroll            ||     4
       Potion            ||     3
 Stab: Sleeping          ||     1
  Eat: Chunk             ||     5
Armor: Robe              ||     5
       Skin              ||     4
Dodge: Dodged            ||    31
